 Dungeon Crawl Stone Soup version 0.30-b1-2-g02819fbbbe (webtiles) character file.

Game seed: 16069852687914160425

30 Alarkh the Vexing (level 3, 27/27 HPs)
             Began as a Demonspawn Hexslinger on July 9, 2023.
             Got out of the dungeon alive.
             The game lasted 00:00:36 (824 turns).

Alarkh the Vexing (Demonspawn Hexslinger)            Turns: 824, Time: 00:00:37

Health: 27/27      AC:  2    Str: 10    XL:     3   Next: 5%
Magic:  4/4        EV: 12    Int: 16    God:
Gold:   43         SH:  0    Dex: 13    Spells: 3/4 levels left

rFire   . . .        a - +1 sling
rCold   . . .        (no shield)
rNeg    . . .        c - +0 robe
rPois   .            (no helmet)
rElec   .            (no cloak)
rCorr   .            (no gloves)
SInv    .            (no boots)
Will    .....        (no amulet)
Stlth   +            (no ring)
HPRegen 0.24/turn    (no ring)
MPRegen 0.09/turn

%: no passive effects
@: no status effects
A: hooves 1, powered by death 1
a: no special abilities


You escaped.
You visited 1 branch of the dungeon, and saw 1 of its levels.

You collected 43 gold pieces.

Inventory:

Hand Weapons
 a - a +1 sling (weapon)
Armour
 c - a +0 robe (worn)
Jewellery
 k - a ring of resist corrosion
 l - a ring of positive energy
Scrolls
 b - 2 scrolls of poison
 d - 2 scrolls of teleportation {unknown}
 e - a scroll of silence {unknown}
 g - a scroll of blinking {unknown}
 h - a scroll of fear {unknown}
 j - a scroll of fog {unknown}
 m - a scroll of identify {unknown}
 n - a scroll of torment {unknown}
Potions
 f - 2 potions of might {unknown}
 i - a potion of curing {unknown}


   Skills:
 + Level 1.8 Fighting
 * Level 2.8 Ranged Weapons
 - Level 1.7 Dodging
 - Level 1.0 Spellcasting
 - Level 3.0 Hexes


You had 3 spell levels left.
You knew the following spells:

 Your Spells              Type           Power      Damage    Failure   Level
a - Slow                  Hex            40%        N/A       7%          1

Your spell library contained the following spells:

 Spells                   Type           Power      Damage    Failure   Level
 Lesser Beckoning         Tloc           0%         N/A       34%         2
 Inner Flame              Hex/Fire       5%         N/A       36%         3
 Portal Projectile        Hex/Tloc       10%        N/A       36%         3
 Gell's Gravitas          Tloc           0%         N/A       56%         3
 Teleport Other           Tloc           0%         N/A       56%         3
 Cause Fear               Hex            5%         N/A       54%         4


Dungeon Overview and Level Annotations

Branches:
Dungeon (1/15)

Altars:


Innate Abilities, Weirdness & Mutations

You have large cloven feet.
You regenerate a little health from kills.


Message History

You shoot a sling bullet.
The sling bullet barely misses the quokka.
You shoot a sling bullet.
The sling bullet closely misses the quokka.
You shoot a sling bullet. The sling bullet misses the quokka.
You shoot a sling bullet. The sling bullet hits the quokka.
The quokka is heavily wounded.
The quokka bites you.
You shoot a sling bullet.
The sling bullet closely misses the quokka.
The quokka barely misses you. The quokka bites you.
You shoot a sling bullet. The sling bullet hits the quokka.
You kill the quokka!
No target in view!
You see here a quokka corpse.
You now have 43 gold pieces (gained 9).
Things that are here:
a +0 dagger; a goblin corpse You open the door.
There is an open door here.
You open the door.
There is an open door here.
n - a scroll labelled QOJEDA SEMYSM You open the door.
There is an open door here.
There is an open door here.
There is an open door here.
There is a staircase leading out of the dungeon here.
You open the door.
There is an open door here.
You see here 5 boomerangs.
There is an open door here.
Done exploring.
Done exploring.
No target in view!
Done exploring.
There is an open door here.
There is a staircase leading out of the dungeon here.
Are you sure you want to leave the Dungeon?
This will make you lose the game!
You have escaped!

#...##.# #....#
#...# #. ####.##.#
###'## #...#######
.....##.# #.#
#...+......
...####.# ##.#
####...#...... ...#
#.# #.##
#............. ...#
#.#
#'####.###.........
...# #.# #......#
#......... ...#
##.## #>....##
####(..... ...#
#...# #.@...#
#...... ...###...#
#.....# #......
#...##...# #.....#
#...... ###.##...#
#.....# #######
.........## #....##
#. ##........###
#....# ###.
#######.....#
##.### #...
.........##.###...#
#...
########.##..##...#
#...


There were no monsters in sight!

Vanquished Creatures
  A gnoll (D:1)
  2 bats (D:1)
  A goblin (D:1)
  3 hobgoblins (D:1)
  2 kobolds (D:1)
  2 quokkas (D:1)
  4 ball pythons (D:1)
  4 frilled lizards (D:1)
  2 rats (D:1)
21 creatures vanquished.

Notes
Turn   | Place    | Note
-------+----------+-------------------------------------------
     0 | D:1      | Alarkh the Demonspawn Hexslinger began the quest for the
                  | Orb.
     0 | D:1      | Reached XP level 1. HP: 15/15 MP: 2/2
   245 | D:1      | Gained mutation: You regenerate a little health from kills.
                  | [demonic ancestry]
   245 | D:1      | Reached XP level 2. HP: 12/21 MP: 3/3
   595 | D:1      | Gained mutation: You have large cloven feet. [demonic
                  | ancestry]
   595 | D:1      | Reached XP level 3. HP: 27/27 MP: 4/4
   824 | D:$      | Got out of the dungeon alive.

Illustrated notes

Levels and vault maps discovered:
D:1:      dpeg_arrival_connections, layout_basic, minmay_split_cup_small

Skill      XL: |  1 |
---------------+----+-----
Ranged Weapons | 2 |  2.8
Fighting       | |  1.8
Dodging        | |  1.7
Spellcasting   | |  1.0
Hexes          | |  3.0

Action                     || total
---------------------------++-------
   Fire: Sling             ||    60
  Dodge: Dodged            ||    19
